 Dungeon Crawl Stone Soup version 0.28.0-43-g3370ac3207 (webtiles) character file.

Game seed: 17904953665564929823

26 Saba the Vexing (level 2, 0/14 HPs)
             Began as a Spriggan Arcane Marksman on Apr 2, 2022.
             Frozen to death by an endoplasm (4 damage)
             ... on level 1 of the Dungeon.
             The game lasted 00:02:47 (1696 turns).

Saba the Vexing (Spriggan Arcane Marksman)          Turns: 1696, Time: 00:02:48

Health: 0/14       AC:  3    Str:  6    XL:     2   Next: 89%
Magic:  5/5        EV: 17    Int: 14    God:
Gold:   22         SH:  0    Dex: 15    Spells: 2/3 levels left

rFire   . . .      SeeInvis +   e - +0 dagger
rCold   . . .      Faith    .   (no shield)
rNeg    . . .      Spirit   .   d - +0 robe
rPois   .          Reflect  .   (helmet restricted)
rElec   .          Harm     .   i - +0 cloak
rCorr   .          Rampage  .   (gloves unavailable)
Will    .....                   (boots unavailable)
Stlth   ++........              (no amulet)
HPRegen 0.04/turn               (no ring)
MPRegen 0.09/turn               (no ring)

@: very quick
A: very small, no large weapons, unfitting armour, see invisible, speed 3
a: no special abilities


You were on level 1 of the Dungeon.
You visited 1 branch of the dungeon, and saw 1 of its levels.

You collected 22 gold pieces.

Inventory:

Hand Weapons
 a - a +0 shortbow
 e - a +0 dagger (weapon)
Missiles
 c - 20 arrows
Armour
 d - a +0 robe (worn)
 i - a +0 cloak (worn)
Scrolls
 b - a scroll of enchant armour {unknown}
 f - a scroll of magic mapping {unknown}
 h - a scroll of torment {unknown}
Potions
 g - a potion of heal wounds {unknown}


   Skills:
 + Level 1.2 Fighting
 + Level 2.8 Bows
 + Level 0.6 Armour
 + Level 3.1 Dodging
 + Level 1.7 Stealth
 - Level 1.3 Spellcasting
 - Level 3.6 Hexes


You had 2 spell levels left.
You knew the following spells:

 Your Spells              Type           Power      Damage    Failure   Level
a - Slow                  Hex            44%        N/A       6%          1

Your spell library contained the following spells:

 Spells                   Type           Power      Damage    Failure   Level
 Inner Flame              Hex/Fire       6%         N/A       36%         3
 Portal Projectile        Hex/Tloc       12%        N/A       36%         3
 Cause Fear               Hex            5%         N/A       50%         4


Dungeon Overview and Level Annotations

Branches:
Dungeon (1/15)

Altars:

Shops:
D:1 [


Innate Abilities, Weirdness & Mutations

You are very small and have problems with some larger weapons.
You are too small for most types of armour.
You have supernaturally acute eyesight. (SInv)
You cover ground extremely quickly. (Speed+++)


Message History

The endoplasm quivers.
The endoplasm misses you.
You hit the endoplasm but do no damage. The endoplasm hits you.
You hit the endoplasm but do no damage. The endoplasm completely misses you.
You barely miss the endoplasm.
The endoplasm hits you but does no damage.
You hit the endoplasm.
The endoplasm is moderately wounded.
The endoplasm hits you.
You hit the endoplasm but do no damage.
The endoplasm is moderately wounded.
The endoplasm freezes you.
You are frozen.
You hit the endoplasm but do no damage.
The endoplasm is moderately wounded.
The endoplasm freezes you.
You are frozen.
You are too injured to fight recklessly!
You are too injured to fight recklessly!
You are too injured to fight recklessly!
You are too injured to fight recklessly!
You barely miss the endoplasm.
The endoplasm is moderately wounded.
The endoplasm freezes you.
You are frozen.
You hit the endoplasm but do no damage.
The endoplasm is moderately wounded.
The endoplasm hits you but does no damage.
You hit the endoplasm but do no damage.
The endoplasm is moderately wounded.
The endoplasm hits you but does no damage.
You hit the endoplasm but do no damage.
The endoplasm is moderately wounded.
The endoplasm hits you.
* * * LOW HITPOINT WARNING * * *
You hit the endoplasm.
The endoplasm is almost dead.
The endoplasm freezes you.
You are frozen.
You die...

######
#....#####
#........#
###...⌠.....
#...@J..#
#.##....#
#.###.#.#
#.##..#.#####.#
#.##.##.......#
#.##.##.##......
###.......#
.....
#.....∩.### ..J.
#.####..# ...


You could see an endoplasm.

Vanquished Creatures
  5 endoplasms (D:1)
  3 giant cockroaches (D:1)
  A goblin (D:1)
  5 hobgoblins (D:1)
  A jackal (D:1)
  A ball python (D:1)
  2 bats (D:1)
  A frilled lizard (D:1)
  2 kobolds (D:1)
  A rat (D:1)
22 creatures vanquished.

Notes
Turn   | Place    | Note
-------+----------+-------------------------------------------
     0 | D:1      | Saba the Spriggan Arcane Marksman began the quest for the
                  | Orb.
     0 | D:1      | Reached XP level 1. HP: 9/9 MP: 3/3
    29 | D:1      | Found a faded altar of an unknown god.
   497 | D:1      | Reached skill level 1 in Fighting
   504 | D:1      | Reached skill level 1 in Stealth
   717 | D:1      | Reached XP level 2. HP: 6/14 MP: 5/5
  1175 | D:1      | Found Aphuh's Antique Armour Shop.
  1696 | D:1      | Frozen to death by an endoplasm

Illustrated notes

Levels and vault maps discovered:
D:1:      minmay_arrival_hallway, layout_loops_cross, serial_shops, shop,
          chequers_ecumenical_altar_simple_redux,
          chequers_serial_rivers_micro_a, hangedman_feature_mirror, minivault_19

Skill      XL: |  1  2 |
---------------+-------+-----
Fighting       | 1 |  1.2
Stealth        | 1 |  1.7
Dodging        | 3 |  3.1
Bows           | |  2.8
Armour         | |  0.6
Spellcasting   | |  1.3
Hexes          | |  3.6

Action                   || total
-------------------------++-------
Melee: Dagger            ||   127
       Punch             ||     3
 Fire: Shortbow          ||    10
 Stab: Sleeping          ||     2
Armor: Robe              ||    19
Dodge: Dodged            ||    94
